[Event "67th Mexican-ch Open 2022"]
[Site "Chihuahua"]
[Date "2022.04.17"]
[Round "8.4"]
[White "Hernandez Guerrero, Gilberto"]
[Black "Torres Rosas, Luis Carlos"]
[Result "1-0"]
[ECO "C00"]
[WhiteElo "2564"]
[BlackElo "2356"]
[Annotator "TA"]
[PlyCount "69"]
[EventDate "2022.04.12"]
[EventType "swiss"]
[EventCountry "MEX"]
[SourceTitle "playchess.com"]
[Source "ChessBase"]
[SourceQuality "1"]
[TimeControl "5400+30"]

1. e4 e6 2. d3 d5 3. Qe2 Be7 4. Nf3 Nf6 5. g3 c5 6. Bg2 Nc6 7. O-O O-O 8. e5 Ne8 9. h4 {[%emt 0:03:12] has lost popularity (9.c4). C00: French: Unusual White 2nd moves.} b5 10. Bf4 a5 11. Nbd2 {[%emt 0:01:54] The position is equal.} a4 12. c3 {[%emt 0:04:02] [#]} a3 $146 ({Predecessor:} 12... Ba6 13. Rfd1 Nc7 14. Bg5 Re8 15. Nf1 h6 16. Bf4 f5 17. exf6 Bxf6 18. Ne5 Bxe5 19. Bxe5 {½-½ (52) Abergel,T (2365)-Brodsky,M (2550) Cappelle la Grande 2003}) 13. b3 Nc7 14. Rac1 Ba6 15. Rfd1 c4 (15... b4 $11) 16. dxc4 (16. bxc4 $6 bxc4 17. dxc4 Na5 $11) (16. Ne1 $16) 16... bxc4 $11 17. Qe3 ({But not} 17. Nxc4 Qc8 18. Ng5 dxc4 19. bxc4 (19. Bxc6 $2 cxb3 20. c4 b2 $17) 19... Bxg5 20. Bxg5 Bb7 $17) 17... cxb3 18. Nxb3 Bc4 19. Nfd2 Bxb3 20. Nxb3 Na5 {[%emt 0:00:11] [#]} (20... Qd7 $14 {was preferrable.}) 21. c4 $1 $16 Nxb3 22. Qxb3 Rb8 23. Qa4 Rb6 24. Be3 Ra6 25. Qb3 {[%emt 0:07:23][%cal Rg2d5] Strongly threatening Bxd5! &Bianco is more active.} Qb8 26. Qd3 ({Stronger than} 26. cxd5 Qxb3 27. axb3 Nxd5 28. Bxd5 exd5 $15) 26... Ra4 27. cxd5 Nxd5 28. Bxd5 exd5 29. Qxd5 {[%emt 0:00:12] aiming for Qd7.} Rd8 {[%emt 0:02:08][%mdl 8192] [#] Inhibits Qd7. This costs Black the game.} (29... Ra6 $16 30. Qe4 Qb2) 30. Qc6 $1 $18 Rxd1+ 31. Rxd1 Rb4 32. Rd7 Rb1+ 33. Kh2 Qxe5 34. Qc8+ Bf8 35. Rd8 {[%emt 0:38:50] Weighted Error Value: White=0.07 (flawless) /Black=0.72} 1-0

[Event "67th Mexican-ch Open 2022"]
[Site "Chihuahua"]
[Date "2022.04.17"]
[Round "8.5"]
[White "Garcia Guerrero, Isaac Antonio"]
[Black "Cordova, Emilio"]
[Result "0-1"]
[ECO "A40"]
[WhiteElo "2338"]
[BlackElo "2534"]
[Annotator "TA"]
[PlyCount "50"]
[EventDate "2022.04.12"]
[EventType "swiss"]
[EventCountry "MEX"]
[SourceTitle "playchess.com"]
[Source "ChessBase"]
[SourceQuality "1"]
[TimeControl "5400+30"]

1. d4 e6 2. c4 b6 3. e4 Bb7 4. f3 f5 5. exf5 Nh6 6. fxe6 {[%emt 0:04:34] A40: Unusual replies to 1 d4.} Nf5 7. exd7+ (7. Bf4 $5 ) 7... Nxd7 8. Nc3 {[%emt 0:01:03] The position is equal.} Bb4 {[%emt 0:17:01] [#]} 9. Bd3 $146 (9. Qe2+ Kf7 10. Qd3 (10. d5 $2 Re8 $19) 10... Qh4+ 11. Kd1 Nxd4 $15) ({Predecessor:} 9. Nge2 O-O 10. Bf4 g5 11. Bd2 Bxf3 12. gxf3 Nh4 13. Ng1 Re8+ 14. Kf2 Ne5 15. Be3 Ng4+ 16. fxg4 {0-1 (40) Tarasova,V (2226)-Rozman,L (2343) Chess.com INT 2020}) 9... Qh4+ 10. Kf1 O-O 11. a3 Bxc3 12. bxc3 Rae8 13. Ra2 $1 Ne3+ $1 14. Bxe3 Rxe3 $40 {[%emt 0:00:06][%mdl 128] Black attacks.} 15. Rf2 $1 (15. Re2 $2 Bxf3 $1 16. Nxf3 Rfxf3+ 17. Kg1 (17. gxf3 Rxf3+ 18. Kg1 Qg5+ 19. Rg2 Qe3+) 17... Rxd3 $1 $19) 15... Nf6 {[%emt 0:01:48][%cal Of6g4][%mdl 1024] Hoping for ...Ng4! Black has compensation.} 16. g3 Qh5 {[%emt 0:01:14] &Nero is more active.} 17. d5 c6 18. Qd2 Rfe8 19. d6 {[%emt 0:02:30] [#]} (19. Ne2 $142 cxd5 20. Nf4) 19... c5 $1 $17 20. d7 ({Wrong is} 20. Be4 $2 R3xe4 21. d7 (21. fxe4 $2 Nxe4 22. Qe2 Qg6 $19) 21... Rd8 22. fxe4 Bxe4 $19) (20. Kg2 $17) 20... Nxd7 $19 21. Be4 R3xe4 22. fxe4 Nf6 ({Worse is} 22... Bxe4 23. Qxd7 Bxh1 24. Re2 Rf8+ 25. Ke1 $17) 23. Qe2 (23. Rxf6 gxf6 24. h3) 23... Qh6 {[%emt 0:01:18] Black is clearly winning.} 24. Qd2 {[%emt 0:02:07] Strongly threatening Qxh6.} Qxd2 25. Rxd2 Bxe4 {[%emt 0:00:23] Weighted Error Value: White=0.44/Black=0.08 (flawless)} 0-1

[Event "67th Mexican-ch Open 2022"]
[Site "Chihuahua"]
[Date "2022.04.17"]
[Round "8.6"]
[White "Salinas Herrera, Pablo"]
[Black "Figueredo Losada, Leonel"]
[Result "1-0"]
[ECO "B07"]
[WhiteElo "2517"]
[BlackElo "2342"]
[Annotator "TA"]
[PlyCount "41"]
[EventDate "2022.04.12"]
[EventType "swiss"]
[EventCountry "MEX"]
[SourceTitle "playchess.com"]
[Source "ChessBase"]
[SourceQuality "1"]
[TimeControl "5400+30"]

1. d4 Nf6 2. Nf3 g6 3. Nbd2 Bg7 4. e4 d6 5. Bb5+ c6 6. Bd3 O-O 7. O-O c5 8. c3 Nc6 {[%emt 0:08:27] B07: Pirc Defence: Miscellaneous Systems.} 9. d5 Nb8 10. Re1 Na6 {[%emt 0:08:07] [#] White has an edge.} 11. Bf1 $146 ({Predecessor:} 11. b3 Nc7 12. Bb2 b5 13. Qc2 Rb8 14. c4 a6 15. Rad1 bxc4 16. Bxc4 Bd7 17. e5 Nfxd5 18. exd6 exd6 19. Bxg7 Kxg7 {0-1 (48) Heedt,T (2190)-Joksic,S (2335) Biel 1998}) 11... e6 12. dxe6 Bxe6 13. Ng5 Bg4 14. Qb3 (14. f3 $5 Bc8 15. Nb3 $14) 14... Rb8 (14... Qe7 $14) 15. h3 $16 Bd7 16. Nc4 {[%emt 0:01:12] &Bianco is more active.} d5 (16... Ne8 $16) 17. exd5 $18 h6 {[%emt 0:00:35] [#]} 18. Ne6 fxe6 19. dxe6 {[%emt 0:00:05] Threatens to win with e7.} Qe7 $2 (19... Re8 {might work better.}) 20. Ne5 c4 (20... Bxe6 $2 21. Nxg6 Bxb3 22. Nxe7+ Kh7 23. Bd3+ Kh8 24. Ng6+ Kg8 25. Nxf8 $18) 21. Bxc4 {[%emt 0:03:00] Weighted Error Value: White=0.11 (very precise) /Black=0.53} 1-0

[Event "67th Mexican-ch Open 2022"]
[Site "Chihuahua"]
[Date "2022.04.17"]
[Round "8.7"]
[White "Morales Garcia, Sergio Joshafatt"]
[Black "Ibarra Chami, Luis Fernando"]
[Result "0-1"]
[ECO "D38"]
[WhiteElo "2246"]
[BlackElo "2451"]
[Annotator "TA"]
[PlyCount "118"]
[EventDate "2022.04.12"]
[EventType "swiss"]
[EventCountry "MEX"]
[SourceTitle "playchess.com"]
[Source "ChessBase"]
[SourceQuality "1"]
[TimeControl "5400+30"]

1. d4 d5 2. c4 e6 3. Nf3 Nf6 4. Nc3 Bb4 5. Bg5 Nbd7 6. e3 c5 7. cxd5 exd5 8. Qc2 Qa5 9. Bd3 c4 10. Bf5 O-O 11. O-O Re8 12. Nd2 g6 13. Bxd7 Nxd7 14. a3 Bxc3 15. bxc3 Nb6 {[%emt 0:05:31] White should prevent ...Bf5. D38: Queen's Gambit Declined: Ragozin Defence (4 Nf3 Bb4).} 16. f3 Na4 17. Rac1 Bd7 {[%emt 0:11:35] The position is equal.} 18. Bf4 Re6 19. e4 Rae8 20. Rfe1 Bc6 {[%emt 0:04:02] [#]} 21. Re3 $146 ({Predecessor:} 21. e5 Bd7 22. Nf1 Rb6 23. Qf2 Nb2 24. Qh4 Nd3 25. e6 Rbxe6 26. Rxe6 Rxe6 27. Rb1 Nxf4 28. Qxf4 Qxc3 29. Rxb7 {0-1 (35) Vukic,R (2340)-Brkic,A (2550) Zagreb 2009}) 21... Nb6 22. Ra1 Nd7 23. Bg3 Nf6 24. e5 Nh5 25. f4 Bd7 26. h3 Rb6 27. Bh2 Bf5 28. Qc1 {[%emt 0:00:09] And now g4 would win.} Bd3 29. a4 f5 30. Qa3 Ng7 31. Bg3 Ne6 32. Qc1 Ra6 33. Rf3 (33. Re1 $1 $15) 33... b5 $17 34. Be1 bxa4 {[%emt 0:00:46] 0x0.000e62c4cfb3dp-1022s more active pieces. The white rooks are badly placed.} 35. Qa3 Qb5 ({Black should try} 35... Qb6 36. Ra2 Nc7) 36. Kh2 (36. Bh4 $142) 36... Qd7 (36... Rb8 $142 {...Qb2 is the strong threat.} 37. Ra2 Be4) 37. Qb4 (37. Bh4 $17) 37... Bc2 $2 ({Better is} 37... Qe7 $1 $19 {[%cal Re7b4] Hoping for ...Qxb4.} 38. Rxa4 Qxb4 39. Rxb4 Ra1) 38. Qb2 (38. Bh4 $15) 38... Bd3 (38... Be4 $17 39. Nxe4 fxe4) 39. Qb4 $1 $19 Nc7 40. Rf2 Ree6 $36 {[%emt 0:03:07][%cal Be8e6,Be6b6,Bb6b3][%mdl 2080] Keeping White busy.} 41. Nf3 (41. Qa3 $17) 41... Reb6 42. Qa3 {[%emt 0:00:22] [#]} Rb3 $1 43. Qc1 Nb5 44. Rfa2 a3 45. Bd2 Be4 46. Ng1 Qe7 47. Ne2 Rb6 48. Qg1 Nc7 49. Bc1 {[%emt 0:00:00][%cal Rc1a3] [#]} Nb5 (49... Ra6 $142 $1 50. Qe1 Nb5) 50. Bd2 $1 Rb2 51. Qe1 (51. Bc1 $142 Rb3 52. Bd2) 51... Bd3 52. Ng1 a6 ({Don't go for} 52... Be4 $2 53. Ne2 $19) 53. Kh1 a5 54. Kh2 a4 {[%emt 0:00:06][%cal Od3b1] Threatens to win with ...Bb1!} ({Don't blunder} 54... Be4 $2 55. Bc1 Rb3 56. Bd2 $19) 55. Kh1 $2 {[%emt 0:00:08] [#]} (55. Nf3) 55... Bb1 $1 {[%emt 0:01:38][%mdl 512] Black is clearly winning.} 56. Rxb2 axb2 57. Rxb1 Na3 58. Nf3 Nxb1 59. Qxb1 a3 {[%emt 0:00:25] Weighted Error Value: White=0.43/Black=0.27 (precise)} 0-1

[Event "67th Mexican-ch Open 2022"]
[Site "Chihuahua"]
[Date "2022.04.17"]
[Round "8.8"]
[White "Perez Gormaz, Matias"]
[Black "Fernandez Hernandez, Arturo A."]
[Result "1/2-1/2"]
[ECO "B05"]
[WhiteElo "2404"]
[BlackElo "2376"]
[Annotator "TA"]
[PlyCount "108"]
[EventDate "2022.04.12"]
[EventType "swiss"]
[EventCountry "MEX"]
[SourceTitle "playchess.com"]
[Source "ChessBase"]
[SourceQuality "1"]
[TimeControl "5400+30"]

1. e4 Nf6 2. e5 Nd5 3. d4 d6 4. Nf3 Bg4 5. Be2 e6 6. O-O Be7 7. c4 Nb6 8. Be3 O-O 9. Nc3 Nc6 10. exd6 cxd6 11. d5 Bxf3 12. Bxf3 Ne5 {[%emt 0:00:05] B05: Alekhine's Defence: 4 Nf3 Bg4.} 13. b3 Nxf3+ 14. Qxf3 e5 {[%emt 0:00:06] White is slightly better.} 15. Rfd1 f5 16. c5 {[%emt 0:01:56] [#]} f4 $146 ({Predecessor:} 16... e4 17. Qe2 dxc5 18. d6 Bf6 19. Rac1 Be5 20. Bxc5 Rf6 21. g3 Bxc3 22. Rxc3 Nd7 {1-0 (29) Loskutov,O (2429)-Kirillov,P (2247) Novosibirsk 2001}) 17. cxb6 {[%emt 0:32:36] Threatens to win with Bd2.} fxe3 18. Qxe3 Bg5 (18... Qxb6 $14 19. Qe2 Rac8) 19. Qh3 $1 $16 Qxb6 20. Ne4 $36 {[%emt 0:00:40][%mdl 2048] White is really pushing.} Be7 21. Qe6+ Rf7 22. Rd3 Raf8 23. Rf3 Qd4 (23... Qb4 $16 24. Ng3 (24. Rxf7 Rxf7 25. Qc8+ Rf8 $11) 24... g6) 24. Re1 $18 {[%emt 0:02:58][%cal Oh2h4,Ba1e1,Be1e3,Be3c3][%mdl 32] h4! is the strong threat.} g6 25. h3 (25. Nxd6 $2 Qb4 $1 26. Rxe5 Bxd6 $19) (25. Rxf7 Rxf7 26. h3 Kg7 $16) (25. h4 $1 $18 Kg7 26. h5 (26. Nxd6 Bxd6 27. Qxd6 Rxf3 $11) 26... gxh5 27. Ree3 (27. Nxd6 Bxd6 28. Qxd6 Rxf3 $11)) 25... Kg7 $16 26. Ree3 (26. Nxd6 $6 Bxd6 27. Qxd6 Rxf3 28. gxf3 Rf5 $14) 26... Qb6 (26... Bh4 $16) 27. Rxf7+ $18 Rxf7 28. Rc3 Bf8 $2 (28... Qd8 $16 29. Rc8 Qa5) 29. Kh2 $2 (29. h4 $1 $18 {[%cal Rh4h5] aiming for h5!} Rf4 30. h5 $1) 29... Qd8 $16 30. g3 {[%emt 0:05:12] &Bianco is much more active.} ({Better is} 30. Rc8 Qe7 31. Kg3) 30... Qa5 {[%emt 0:07:33][%cal Of7f2] [#]} 31. Kg2 $1 {[%emt 0:00:32] Strongly threatening g4.} (31. Rc8 $6 Qe1 32. Rc7 (32. Qg4 $2 h5 $19) 32... Rxc7 $11) 31... Qb4 $2 {[%emt 0:02:01][%mdl 8192] [#]} (31... Qxa2 $14 32. Nf6 (32. Rf3 Rxf3 33. Kxf3 Qb1 $11) 32... e4) 32. Rf3 $1 $18 Rxf3 (32... Rf5 33. Rxf5) 33. Kxf3 {[%emt 0:00:02] White threatens Qd7+ and mate.} Qd4 34. Qf6+ Kg8 {[%emt 0:00:02] Hoping for ...Qd3+.} 35. Qe6+ Kg7 {[%emt 0:00:02] And now ...Qd3+ would win.} 36. Ng5 (36. Nxd6 $18 {Threatening mate with Qf7+.} Bxd6 37. Qd7+ (37. Qxd6 Qd3+ 38. Kg2 Qe4+ 39. Kh2 Qf5 $18) 37... Kh6 38. Qxd6 Qd3+ 39. Kg2 Qe4+ 40. Kh2) 36... Qd3+ $16 (36... Kh6 37. h4 (37. Nf7+ Kg7 $18) 37... Kh5 38. Kg2 $18) 37. Kg2 {[%emt 0:03:14] White wants to mate with Qf7+.} ({But not} 37. Kg4 $6 Qd4+ 38. Kf3 Qd3+ 39. Kg4 (39. Kg2 Qf5 $14) 39... Qd4+ 40. Kf3 $14) 37... Qf5 {[%emt 0:00:54] Against Qf7+} 38. Qxf5 gxf5 {[%emt 0:00:02][%mdl 4096] Endgame KB-KN} 39. Ne6+ Kf7 40. g4 (40. Nd8+ $16 Kf6 41. f4 (41. Nxb7 e4 $14)) 40... Be7 $11 {[%emt 0:00:49] The position is equal.} 41. Kf3 Kg6 42. a4 Bg5 43. b4 Bd2 44. b5 {[%emt 0:00:07] Black must now prevent Nd8.} Ba5 {[%emt 0:00:05] Prevents Nd8.} 45. Ke2 Kf6 46. f3 h6 47. Kd3 Bb6 48. Ke2 Kg6 49. Nf8+ Kf7 50. Ne6 Kf6 51. Kd3 Kg6 52. Nf8+ Kf7 53. Ne6 Kf6 54. Ke2 Ba5 {[%emt 0:04:12] Weighted Error Value: White=0.44/Black=0.17 (very precise)} 1/2-1/2

[Event "67th Mexican-ch Open 2022"]
[Site "Chihuahua"]
[Date "2022.04.17"]
[Round "8.9"]
[White "Gonzalez Arroyo, Lenin"]
[Black "Galaviz Medina, Sion Radamantys"]
[Result "0-1"]
[ECO "B53"]
[WhiteElo "2210"]
[BlackElo "2374"]
[Annotator "TA"]
[PlyCount "52"]
[EventDate "2022.04.12"]
[EventType "swiss"]
[EventCountry "MEX"]
[SourceTitle "playchess.com"]
[Source "ChessBase"]
[SourceQuality "1"]
[TimeControl "5400+30"]

1. e4 c5 2. Nf3 d6 3. d4 cxd4 4. Qxd4 Nc6 5. Qe3 Nf6 6. Be2 {[%emt 0:04:19] B53: Sicilian: 2...d6: Lines with Qxd4.} d5 {[%emt 0:18:08] [#]} 7. e5 $146 (7. exd5 $1 $14 Nxd5 8. Qb3) ({Predecessor:} 7. exd5 Nxd5 8. Qb3 e6 9. O-O Qb6 10. Nc3 Nxc3 11. Qxc3 Qc5 12. Qb3 Be7 13. Be3 {1-0 (41) Teclaf,P (2520)-Shevchenko,K (2619) Polanica Zdroj 2021}) 7... Ng4 $15 8. Qf4 {[%emt 0:00:36] Black has an edge.} g6 9. O-O Bg7 10. Bb5 O-O (10... f6 $5 11. Qa4 O-O 12. Bxc6 bxc6 $15) 11. Bxc6 bxc6 12. h3 Nh6 $36 {[%emt 0:00:08][%mdl 2048] Black has good play.} ({Don't do} 12... Bh6 13. Qa4 Bxc1 14. Rxc1 $16) 13. Qa4 Qb6 14. Qa3 Nf5 {[%emt 0:01:02] Hoping for ...f6.} 15. Nc3 f6 $1 16. Na4 Qc7 17. exf6 (17. g4 {[#]} fxe5 $1 18. gxf5 Rxf5 $17) (17. Bf4 $1 $15) 17... Bxf6 $17 {[%emt 0:00:57] And now ...e5 would win.} ({Reject} 17... exf6 $6 18. Re1 $11) 18. Bg5 Bg7 19. Rad1 e5 20. Qc5 (20. c4 $17 {was worth a try.}) 20... e4 21. Nh4 h6 (21... Ba6 $19 22. Rfe1 Rab8 23. Nxf5 (23. Rxd5 $2 Rb5 $19) 23... Rxf5) 22. Nxf5 $15 Rxf5 23. Be3 {[%emt 0:00:20] Now White is beyond hope.} (23. Bh4 $1 $15) 23... Ba6 $19 {[%emt 0:00:07] [#] White must now prevent ...d4.} 24. Rfe1 d4 $1 25. Qa3 dxe3 {[%emt 0:00:16] The board is on fire.} 26. Rxe3 (26. Qxe3 Re8 27. Nc5) 26... Rd8 {[%emt 0:01:27] Weighted Error Value: White=0.40/Black=0.09 (flawless)} 0-1

[Event "67th Mexican-ch Open 2022"]
[Site "Chihuahua"]
[Date "2022.04.17"]
[Round "8.10"]
[White "Avila Bautista, Roberto Al"]
[Black "Diaz Villagran, Robert"]
[Result "1/2-1/2"]
[ECO "A15"]
[WhiteElo "2090"]
[BlackElo "2318"]
[Annotator "TA"]
[PlyCount "145"]
[EventDate "2022.04.12"]
[EventType "swiss"]
[EventCountry "MEX"]
[SourceTitle "playchess.com"]
[Source "ChessBase"]
[SourceQuality "1"]
[TimeControl "5400+30"]

1. Nf3 Nf6 2. b3 g6 3. Bb2 Bg7 4. g3 O-O 5. Bg2 d6 6. O-O e5 7. c4 c6 8. Nc3 Re8 {[%emt 0:00:18] A15: English Opening: 1...Nf6.} 9. d3 d5 10. e3 {[%emt 0:07:46][%cal Be2e3,Be3e4][%mdl 32] [#]} Bf5 $146 {[%emt 0:07:37] Black has an edge.} ({Predecessor:} 10... Na6 11. h3 Nb4 12. Ne1 e4 13. cxd5 cxd5 14. Qd2 Qe7 15. Rc1 Bd7 16. a3 Nc6 {½-½ (27) Kahl,F (2353)-Aberbach Peltzman,A (2243) LSS email 2015}) 11. Re1 dxc4 12. dxc4 Nbd7 13. e4 $1 Bg4 14. h3 Bxf3 15. Qxf3 Nc5 16. Na4 Nxa4 17. bxa4 Nd7 18. Rab1 Qc7 19. Rec1 Bf8 20. Bc3 a5 21. Qd1 Bc5 22. Qc2 Nf8 23. Rd1 b6 24. h4 Ne6 25. Bh3 Nd4 26. Bxd4 Bxd4 27. Kg2 Rad8 28. Rd2 Kg7 29. Rbd1 Qe7 30. Rd3 Qc5 31. R1d2 Rd6 32. Rf3 Red8 33. Qb3 h5 34. Qc2 Qb4 35. Rdd3 Kf8 36. Qc1 $1 {[%emt 0:01:06] Threatening mate with Qh6+.} Kg7 {[%emt 0:00:35] Inhibits Qh6+.} (36... Qxa4 37. Qh6+ Kg8 38. Rxf7 $3 Kxf7 39. Qh7+ Ke8 40. Rf3) 37. Qc2 $1 Qc5 38. Rd2 $1 Re8 39. Qb3 Re7 40. Rdd3 f5 (40... Rd8 $17) 41. Bxf5 $1 $11 gxf5 42. Rxf5 Rh6 (42... Rg6 $15) 43. Rdf3 $1 Qb4 44. Qd3 Rc7 45. Rg5+ Kh7 $2 (45... Rg6 $1 $11) 46. Rff5 $2 (46. c5 $1 $18 Ra7 47. a3) 46... Rg7 $1 (46... Qxa4 $2 47. Rxh5 Rxh5 48. Rxh5+ Kg8 49. Qd2 $18) 47. Rxh5 Qd6 $2 {[%emt 0:00:16] [#]} (47... Qxa4 {leads to mate.} 48. Qf3) (47... Rxh5 $11 48. Rxh5+ Kg8) 48. Rxh6+ $2 {[%emt 0:01:04] Really sharp!} (48. Qf3 $1 $18 Rxh5 49. Rxh5+ (49. Qxh5+ Qh6 $11) 49... Kg8 50. Qf5) 48... Qxh6 49. Qf3 {[%emt 0:00:11] And now Rh5 would win.} Qg6 50. Rg5 (50. h5 $16 Qe6 51. Rf6) 50... Qf7 (50... Qe6 $1 $11) 51. Rxg7+ (51. Rh5+ $1 $14 Kg8 52. Rf5) 51... Kxg7 52. Qg4+ Qg6 53. Qf3 Qe6 54. Qe2 Bc5 (54... Kf7 {is interesting.} 55. Qh5+ Qg6 56. Qf3+ Qf6) 55. Kh2 Be7 56. Kg2 Qg6 {[%emt 0:00:26] White must now prevent ...Bxh4.} 57. Kh2 Kf7 58. Qf3+ Ke6 59. Qe2 Kd6 60. Qd3+ Kc7 61. Qf3 {[%emt 0:00:24] Against Qg4} Qe6 62. Qe2 Qf7 63. Kg2 Bc5 64. Qc2 Qh5 65. Qd3 Qg4 66. Qf3 Qg8 67. Qd3 Bd4 68. Qe2 Qf7 69. Qc2 Kd6 70. Qe2 Kc5 71. h5 {[%emt 0:00:02] The position is equal.} Qf6 (71... Qxc4 $2 72. Qxc4+ Kxc4 73. h6 $18) (71... Kd6 $11) 72. Qf3 $17 Qh6 73. Qa3+ {[%emt 0:01:30] Weighted Error Value: White=0.18 (very precise) /Black=0.20 (precise)} 1/2-1/2

[Event "67th Mexican-ch Open 2022"]
[Site "Chihuahua"]
[Date "2022.04.17"]
[Round "8.11"]
[White "Maass Garza R, Alejandro"]
[Black "Jorajuria Mendoza, Algol"]
[Result "0-1"]
[ECO "D04"]
[WhiteElo "2265"]
[BlackElo "2006"]
[Annotator "TA"]
[PlyCount "88"]
[EventDate "2022.04.12"]
[EventType "swiss"]
[EventCountry "MEX"]
[SourceTitle "playchess.com"]
[Source "ChessBase"]
[SourceQuality "1"]
[TimeControl "5400+30"]

1. d4 d5 2. Nf3 Nf6 3. e3 c6 4. Bd3 Bg4 5. h3 Bh5 6. c4 {[%emt 0:02:41] D04: Colle System.} Nbd7 7. cxd5 cxd5 8. Nbd2 {[%emt 0:00:51] The position is equal.} e6 9. O-O {[%emt 0:01:30] [#]} Be7 $146 ({Predecessor:} 9... Bd6 10. b3 O-O 11. Bb2 Qe7 12. Rc1 Rad8 13. Rc3 e5 14. dxe5 Nxe5 15. Be2 Nc6 {½-½ (36) Archambault,P-Pimmingstorfer,C CServe email 1995}) 10. Re1 O-O 11. Qb3 Qc7 12. Nh2 ({White should try} 12. Nf1 $11) 12... e5 13. Ndf1 e4 14. Be2 Bxe2 15. Rxe2 Rfc8 16. Ng3 g6 17. Ng4 Nxg4 18. hxg4 Qd6 19. Bd2 (19. Nf1 $142) 19... Nf6 $17 20. a3 a5 {[%emt 0:01:00] Against Bb4} (20... Nxg4 21. Bb4 Qb6 22. Qxd5 Bxb4 23. axb4 $11) 21. g5 Nd7 22. Qb5 b6 (22... Qc6 $17 23. Qxc6 Rxc6) 23. b4 (23. Ree1 $1 $15) 23... Bxg5 24. Nxe4 $1 dxe4 25. Qxg5 f5 ({Better is} 25... a4 $1 $15) 26. g4 (26. bxa5 $11 bxa5 27. Be1) 26... Qf6 {[%emt 0:01:19] &Nero is more active.} ({Black should play} 26... a4 $17) 27. Qxf6 $11 Nxf6 28. gxf5 gxf5 29. bxa5 bxa5 30. Rb1 Rc2 31. Rb5 Ra2 32. Rxf5 Kf7 33. Kf1 Rxa3 34. Bc1 (34. f3 $5 Kg6 35. Rf4 exf3 36. Rxf3 $15) 34... Rb3 (34... Ra1 $5 35. Rc2 Kg6 $15) 35. Rc2 {[%emt 0:00:10] Hoping for Rc6.} Kg6 36. Rf4 Ra6 {[%emt 0:00:34] Against Rc6} 37. f3 $1 exf3 38. Rxf3 a4 {[%emt 0:00:40] Strongly threatening ...a3.} 39. d5 $2 {[%emt 0:08:00] [#] Now White is beyond hope.} (39. Rg3+ $11 Kf7 40. Rc7+ Kf8 41. Rc8+ Ne8 42. Rg5) 39... a3 $1 $19 {[%emt 0:00:29] ...a2 is the strong threat.} (39... Nxd5 $2 40. Rg2+ Kh6 41. Rh3#) 40. Bxa3 ({Much weaker is} 40. Rg2+ Kf7 41. Bxa3 Rb1+ 42. Bc1 Rxc1+ $19) (40. Rg3+ Kf7 41. Rc7+ Ke8 42. Rgg7) 40... Rbxa3 ({Stronger than} 40... Raxa3 41. Rc6 $11) 41. Rg2+ Kf7 42. Rgf2 Ke7 43. Kg2 Ng4 ({Not} 43... Nxd5 $2 44. Rf7+ Kd8 45. Rf8+ Ke7 46. R8f7+ Ke8 47. Rf8+ Kd7 48. R8f7+ Kd8 49. Rf8+ Ke7 50. R8f7+ $19) 44. Rf1 {[%emt 0:00:16] [#]} (44. Rf7+ $19 Kd6 45. Re2) 44... Nxe3+ {[%emt 0:00:18] Weighted Error Value: White=0.46/Black=0.15 (very precise)} 0-1

[Event "67th Mexican-ch Open 2022"]
[Site "Chihuahua"]
[Date "2022.04.17"]
[Round "8.12"]
[White "Sandoval Mercado, Carlos"]
[Black "Avila Rodriguez, Joshua Ad"]
[Result "1/2-1/2"]
[ECO "E04"]
[WhiteElo "2289"]
[BlackElo "2182"]
[Annotator "TA"]
[PlyCount "112"]
[EventDate "2022.04.12"]
[EventType "swiss"]
[EventCountry "MEX"]
[SourceTitle "playchess.com"]
[Source "ChessBase"]
[SourceQuality "1"]
[TimeControl "5400+30"]

1. d4 Nf6 2. c4 e6 3. Nf3 d5 4. g3 dxc4 5. Bg2 c5 6. O-O Nc6 7. Qa4 Bd7 8. Qxc4 b5 9. Qd3 c4 10. Qd1 Rc8 11. Re1 {[%emt 0:03:42] E04: Open Catalan: 5 Nf3.} Bb4 12. Nc3 O-O 13. e4 {[%emt 0:02:57] White is slightly better.} Re8 {[%emt 0:15:43] [#]} (13... h6 $11) 14. Bf4 $146 ({Predecessor:} 14. Nxb5 Bxe1 15. Nxe1 e5 16. Bg5 Rb8 17. Bxf6 Qxf6 18. Nc7 Rxb2 19. Nf3 Nxd4 20. Nxe8 Bxe8 {0-1 (30) Gilea,L (2270)-Cosma,I (2400) Baile Govora 2017}) 14... Ne7 15. Ne5 Ba5 16. a3 (16. Nxd7 Qxd7 17. Bg5 b4 $11) 16... a6 17. Bg5 Bb6 (17... h6 $16 {was necessary.} 18. Bxf6 gxf6) 18. Bxf6 $18 gxf6 19. Ng4 Kg7 20. e5 $1 (20. Qd2 $6 Ng8 $14) 20... Ng8 21. exf6+ (21. Ne4 $1 $18 f5 22. Ngf6) 21... Nxf6 $16 22. Ne5 {[%emt 0:00:01] Against Bc6. Pair of Knights!} Rg8 23. Qd2 Be8 24. Rad1 {[%emt 0:02:09] 0x0.002ceff46a05dp-1022s more active pieces.} Nd5 (24... Kh8 $16 {was called for.}) 25. Nxd5 exd5 {[%emt 0:00:02] [#]} 26. Ng4 (26. Bxd5 $1 $18 {[%cal Od2f4][%mdl 512] aiming for Qf4!} h5 27. Qf4 $1) 26... Rc6 (26... Kh8 $14 27. Qf4 Rg6) 27. Re5 $18 Kh8 (27... Rd6 $142) 28. Rxd5 Rd6 29. Rxd6 Qxd6 30. Nh6 Rg6 {[%emt 0:00:45] [#]} 31. Nf5 Qf6 32. Ne3 Qd6 33. Nd5 {[%emt 0:01:12] And now Re1 would win.} Bd8 34. Nf4 (34. a4 $142) 34... Rg8 $16 35. Qe2 Bg5 (35... Bd7 $142) 36. Nd5 Bd7 {[%emt 0:00:40] [#]} 37. Qe5+ $1 Qxe5 38. dxe5 Be6 39. Nc7 (39. Nf6 $16) 39... Bc8 40. Be4 (40. Kf1 $16) 40... Rd8 ({Black should play} 40... Bf4 $1 $11 41. Nd5 (41. Rd5 $2 Bb7 $19) 41... Bxe5) 41. Rxd8+ Bxd8 $14 {[%emt 0:00:01][%mdl 4096] Endgame KBB-KBN} 42. Ne8 (42. Nd5 $14) 42... Bd7 ({Black should try} 42... Bb6 $11) 43. Nd6 (43. Nf6 $5 Be6 44. Nd5 $16 (44. Nxh7 Bb6 $14)) 43... Kg7 44. Bb7 a5 45. Ba6 Bc7 46. Nxb5 ({Reject} 46. Bxb5 Bxd6 47. Bxd7 Bxe5 $11) 46... Bxb5 47. Bxb5 Bxe5 48. Bxc4 Bxb2 $16 {[%emt 0:00:07] KB-KB} 49. a4 $1 Bc3 50. Kg2 Bb4 51. h3 Bc3 52. Kf3 Be1 53. Ke2 Bb4 54. f4 f6 55. Kf3 h6 56. Ke4 Be1 {[%emt 0:00:00] Black escapes into a draw.  Weighted Error Value: White=0.20 (precise) /Black=0.29 (precise)} 1/2-1/2